Map: Shrines of Lizul

Players

craftstar

  • Race: Protoss Protoss
  • Spawn Location: 6:00

Pieczar

  • Race: Zerg Zerg
  • Spawn Location: 9:00

COCO - Winner!

  • Race: Terran Terran
  • Spawn Location: 3:00

ILIEKEGGPIE - Winner!

  • Race: Protoss Protoss
  • League: Platinum
  • Spawn Location: 12:00

VOD

Have the link to the VOD?

Description

Time

  • Played on: May 26, 2018, 9:18 a.m.
  • Length: 19:20
Show
View Real Time Build Order
Export as new Build Order

craftstar Protoss 

Build Orders:  

Get SALT Encoding   

  1  0:00  Probe  
  13  0:15  Pylon  
  13  0:22  Probe  
  14  0:34  Probe  
  15  0:36  Gateway  
  15  0:46  Probe  
  16  1:00  Probe  
  16  1:02  Assimilator  
  17  1:06  Assimilator  
  17  1:12  Probe  
  18  1:24  Probe  
  18  1:25  Pylon  
  19  1:27  Cybernetics Core  
  19  1:35  Probe  
  20  1:40  Pylon  
  20  1:43  Probe  
  20  1:51  Probe  
  20  1:54  Warp Gate  
  22  2:03  Probe  
  22  2:06  Stalker  
  25  2:13  Pylon  
  25  2:15  Probe  
  26  2:27  Probe  
  26  2:29  Robotics Facility  
  27  2:39  Probe  
  27  3:00  Stalker  
  29  3:14  Observer  
  29  3:15  Probe  
  31  3:27  Probe, Warp Prism  
  32  3:39  Probe  
  35  3:51  Gateway  
  35  3:52  Gateway  
  35  3:56  Pylon  
  35  4:00  Probe  
  36  4:15  Probe  
  37  4:27  Probe  
  37  4:31  Nexus  
  38  4:34  Pylon  
  38  4:40  Stalker  
  38  4:41  Warp Prism  
  42  4:55  Zealot x2  
  42  4:57  Probe  
  47  5:09  Probe  
  47  5:10  Zealot  
  50  5:21  Twilight Council, Probe  
  49  5:23  Zealot  
  52  5:33  Probe  
  52  5:34  Zealot  
  52  5:35  Zealot  
  57  5:45  Probe  
  48  5:59  Blink  
  46  6:05  Probe x2  
  46  6:08  Stalker x3  
  52  6:17  Probe  
  53  6:28  Probe  
  53  6:29  Probe  
  53  6:57  Pylon  
  53  7:01  Stalker x3  
  57  7:04  Probe x2  
  57  7:07  Immortal  
  61  7:47  Stalker  
  61  7:48  Stalker x2  
  61  7:50  Probe  
  68  7:56  Observer  
  69  8:04  Probe  
  69  8:05  Probe  
  71  8:08  Assimilator  
  71  8:10  Assimilator  
  71  8:14  Gateway  
  71  8:15  Stalker, Gateway  
  71  8:16  Stalker  
  75  8:20  Gateway  
  75  8:29  Zealot  
  73  9:12  Pylon  
  73  9:14  Pylon  
  73  9:19  Pylon  
  73  9:30  Probe x2  
  75  9:32  Immortal  
  79  9:40  Nexus  
  79  9:42  Pylon  
  79  9:45  Pylon  
  79  9:47  Assimilator  
  79  9:50  Stalker x3  
  79  9:51  Assimilator  
  85  10:10  Warp Prism  
  62  10:33  Stalker x5  
  62  10:34  Stalker  
  64  10:51  Probe x2  
  64  10:55  Probe  
  67  11:03  Probe x2  
  69  11:09  Stalker x4, Pylon  
  69  11:10  Stalker  
  79  11:14  Immortal  
  83  11:38  Stalker  
  83  11:39  Stalker x3  
  91  11:40  Stalker x2  
  91  11:45  Charge  
  95  11:50  Probe x2  
  95  11:54  Immortal  
  101  11:56  Gateway  
  101  11:57  Gateway  
  101  11:58  Gateway  
  101  12:01  Pylon  
  101  12:09  Zealot  
  101  12:10  Zealot x5  
  101  12:14  Pylon  
  86  12:47  Stalker  
  86  12:48  Stalker x5  
  98  12:52  Immortal  
  99  13:13  Stalker x4  
  99  13:15  Stalker x2  
  96  13:24  Zealot x2  
  96  13:25  Stalker  
  88  13:42  Probe x2  
  88  13:43  Probe  
  89  13:54  Probe  
  89  13:55  Probe x2  
  76  14:05  Stalker x3  
  76  14:06  Stalker x3, Probe  
  76  14:07  Stalker  
  76  14:08  Zealot x2  
  93  14:16  Observer  
  94  14:42  Stalker x5  
  94  14:43  Stalker x4  
  112  14:47  Probe  
  112  14:48  Probe x2  
  115  14:59  Probe  
  116  15:00  Probe  
  116  15:02  Dark Shrine  
  102  15:36  Stalker x4  
  102  15:37  Stalker  
  108  15:46  Stalker  
  95  16:07  Probe  
  95  16:08  Probe x2  
  94  16:15  Probe  
  94  16:16  Probe  
  94  16:20  Probe  
  94  16:24  Probe  
  93  16:32  Probe  
  77  17:00  Dark Templar x2  
  77  17:01  Dark Templar x3  
  75  17:26  Stalker x3  
  75  17:27  Stalker  
  82  17:35  Probe x2  
  82  17:37  Probe  
  85  17:41  Observer  
  85  17:43  Stalker  
  88  17:57  Dark Templar x2  
Show
View Real Time Build Order
Export as new Build Order

Pieczar Zerg 

Build Orders: Pool First 

Get SALT Encoding   

  12  0:20  Spawning Pool  
  11  0:33  Drone x2  
  13  0:36  Overlord  
  13  0:47  Drone  
  14  0:50  Extractor  
  13  0:59  Drone  
  14  1:07  Queen  
  14  1:09  Drone  
  17  1:17  Drone  
  18  1:28  Drone  
  19  1:42  Drone  
  20  1:51  Metabolic Boost  
  20  2:00  Zergling x4  
  22  2:12  Hatchery  
  21  2:29  Zergling x2  
  22  2:31  Overlord  
  22  3:01  Zergling x10  
  27  3:18  Drone  
  27  3:19  Drone  
  29  3:22  Lair, Extractor  
  29  3:24  Queen  
  29  3:26  Drone  
  27  3:55  Drone x2  
  29  4:04  Drone x3  
  29  4:09  Drone  
  34  4:10  Drone x2  
  34  4:14  Extractor  
  34  4:16  Extractor  
  33  4:26  Spire  
  32  4:32  Drone x3  
  35  4:39  Overlord x2  
  35  4:45  Overseer  
  35  4:58  Drone x2  
  35  4:59  Drone  
  38  5:07  Overlord x2  
  38  5:28  Drone x3  
  41  5:39  Mutalisk  
  41  5:40  Mutalisk x5  
  53  5:46  Mutalisk x2  
  57  5:57  Drone x2  
  59  6:07  Infestation Pit  
  58  6:27  Zerg Flyer Weapons Level 1  
  58  7:03  Overlord x3  
  58  7:10  Hive  
  56  7:42  Mutalisk x6  
  68  7:47  Mutalisk x2  
  68  7:48  Mutalisk  
  74  8:08  Hatchery  
  73  8:47  Greater Spire  
  73  9:10  Overlord x3  
  73  9:20  Drone  
  74  9:32  Extractor  
  74  9:36  Extractor  
  70  10:07  Drone x3  
  70  10:09  Drone x3  
  76  10:16  Corruptor  
  76  10:17  Corruptor x7  
  76  10:18  Corruptor x4  
  100  10:21  Zerg Flyer Weapons Level 2  
  100  10:51  Overlord x3  
  100  10:52  Overlord  
  100  11:26  Overseer  
  100  11:31  Brood Lord x8  
  116  11:35  Brood Lord  
  118  11:43  Corruptor  
  86  12:38  Zerg Flyer Armor Level 1  
  78  13:16  Corruptor x6  
  78  13:17  Corruptor x2  
  84  14:13  Corruptor x2  
  84  14:14  Corruptor  
  90  14:20  Corruptor x6  
  90  14:21  Corruptor x3  
  108  14:33  Zerg Flyer Weapons Level 3  
  108  14:36  Brood Lord  
  108  14:37  Brood Lord x2  
  114  15:14  Hatchery  
  113  15:26  Extractor  
  113  15:27  Extractor  
  101  16:35  Corruptor x5  
  101  16:39  Overlord x2  
  111  16:40  Overlord x4  
  111  16:44  Corruptor x2  
  111  16:45  Corruptor x3  
  121  16:52  Brood Lord x5  
  121  16:53  Brood Lord  
  133  17:41  Overseer  
  133  17:50  Overseer  
  133  18:03  Drone x3  
Show
View Real Time Build Order
Export as new Build Order

COCO Terran - Winner!

Build Orders: MMM Bio 

Get SALT Encoding   

  12  0:02  SCV  
  13  0:14  SCV  
  14  0:22  Supply Depot  
  14  0:26  SCV  
  15  0:43  SCV  
  15  0:47  Barracks  
  16  0:55  SCV  
  16  0:56  Refinery  
  17  0:58  Supply Depot  
  17  1:07  SCV  
  18  1:20  SCV  
  19  1:33  SCV  
  20  1:40  Reaper  
  21  1:47  Orbital Command  
  21  1:50  Refinery  
  21  2:12  Reaper  
  22  2:23  SCV  
  22  2:29  Factory  
  23  2:35  SCV  
  24  2:48  SCV  
  24  2:55  Engineering Bay  
  24  3:00  SCV  
  24  3:03  Barracks Tech Lab  
  25  3:12  SCV  
  26  3:19  Factory Reactor  
  26  3:24  Marine, SCV  
  26  3:26  Starport  
  28  3:36  SCV  
  30  3:48  SCV  
  30  3:55  Command Center  
  30  4:00  SCV  
  31  4:11  Missile Turret  
  31  4:20  Supply Depot  
  31  4:25  Liberator  
  31  4:27  Barracks  
  31  4:31  Barracks  
  31  4:37  Terran Infantry Weapons Level 1, Combat Shields  
  31  4:42  SCV  
  31  4:44  Supply Depot  
  35  4:54  SCV  
  35  4:56  Missile Turret  
  36  5:06  SCV  
  37  5:13  Factory Tech Lab  
  37  5:15  Missile Turret  
  37  5:18  Supply Depot, SCV  
  38  5:25  Armory  
  38  5:29  Engineering Bay  
  38  5:33  Siege Tank  
  41  5:39  Marine x3  
  44  5:49  Orbital Command  
  41  5:59  Supply Depot  
  41  6:15  SCV  
  41  6:16  Medivac x2  
  46  6:21  Marine x3  
  46  6:24  Stimpack  
  49  6:27  SCV x2  
  51  6:39  Marine x3  
  54  6:40  SCV x2  
  56  6:56  Marine, Viking  
  56  6:57  Marine x2, SCV  
  56  6:58  SCV  
  56  7:01  Refinery  
  63  7:03  Refinery  
  63  7:10  SCV x2  
  65  7:22  SCV x2  
  67  7:24  Marine x2  
  67  7:25  Marine  
  69  7:32  Missile Turret  
  69  7:34  SCV x2, Missile Turret  
  70  7:42  Marine x3  
  71  7:46  SCV x2  
  73  7:55  Missile Turret  
  73  7:56  Missile Turret  
  73  7:58  SCV x2  
  75  8:00  Marine x3  
  78  8:22  Marine  
  78  8:27  Supply Depot x2  
  78  8:38  Supply Depot  
  78  8:41  Marine x3, SCV x2  
  83  8:42  Terran Infantry Armor Level 1, Terran Infantry Weapons Level 2  
  83  8:44  Terran Vehicle Weapons Level 1  
  83  8:53  SCV x2  
  85  8:56  Siege Tank  
  85  8:58  Marine x2  
  85  9:00  Supply Depot  
  85  9:01  Supply Depot  
  85  9:02  Supply Depot  
  88  9:05  SCV x2  
  89  9:12  Barracks Reactor  
  89  9:17  Barracks Reactor  
  89  9:19  SCV x2  
  89  9:24  Medivac x2  
  93  9:31  Supply Depot, SCV x2  
  95  9:35  Supply Depot  
  97  9:42  Missile Turret  
  97  9:43  SCV  
  97  9:45  Missile Turret  
  95  9:54  Viking x2  
  98  10:07  Missile Turret  
  98  10:08  Marine x4  
  98  10:09  Marine  
  101  10:26  Marine x5  
  102  10:31  SCV  
  102  10:32  SCV  
  102  10:34  Supply Depot  
  103  10:36  Supply Depot  
  103  10:38  Supply Depot  
  103  10:41  Siege Tank  
  106  10:43  Marine  
  106  10:44  Marine x4, SCV  
  112  10:52  Missile Turret x2  
  112  10:53  Supply Depot  
  112  10:59  Supply Depot x2  
  112  11:01  Marine x2  
  112  11:02  Marine  
  115  11:18  Thor  
  115  11:20  Command Center  
  115  11:22  Terran Vehicle And Ship Armor Level 1  
  121  11:26  Terran Infantry Armor Level 2  
  121  11:27  Terran Infantry Weapons Level 3  
  121  11:28  Marine x2  
  121  11:29  Marine x3  
  126  11:46  Marine x2  
  126  11:47  Marine  
  128  11:50  Missile Turret  
  128  11:51  Missile Turret  
  105  12:41  Viking x2  
  101  12:45  Refinery  
  96  13:01  Marine x3  
  96  13:02  Marine x2  
  96  13:10  Factory  
  96  13:11  Viking x2  
  100  13:13  Factory  
  100  13:19  Marine x4  
  103  13:20  Marine  
  91  13:37  Marine  
  91  13:40  Marine  
  91  13:41  Marine, Viking x2  
  98  14:11  Viking x2  
  98  14:13  Terran Infantry Armor Level 3  
  98  14:14  Terran Ship Weapons Level 1  
  102  14:19  Planetary Fortress  
  102  14:21  Bunker  
  102  14:25  SCV x2  
  104  14:34  Factory Tech Lab, Factory Reactor  
  104  14:55  Marine  
  104  14:56  Marine x2  
  104  14:57  Marauder, Marine  
  104  14:59  Medivac x2  
  114  15:03  Refinery  
  114  15:05  Widow Mine x2  
  118  15:13  Marine x2  
  118  15:14  Marine  
  121  15:15  Marine  
  121  15:18  Marauder  
  124  15:31  Marine x3  
  124  15:32  Marine  
  128  15:39  Marauder  
  130  15:49  Marine x3  
  133  15:50  Marine  
  132  16:01  Marauder  
  132  16:07  Marine x3  
  132  16:08  Marine  
  122  16:22  Marine  
  122  16:24  Marine  
  122  16:25  Marine  
  113  16:41  Marauder  
  113  16:42  Marine x4  
  113  16:45  Viking x2  
  122  16:48  Thor  
  122  16:49  Thor  
  122  16:51  Widow Mine  
  136  16:56  SCV x2  
  136  16:59  Marine  
  136  17:00  Marine x3  
  141  17:03  Marauder  
  143  17:15  Viking x2  
  147  17:17  Marine  
  147  17:18  Marine x3  
  147  17:22  Missile Turret  
  151  17:24  Marauder  
  153  17:31  Thor x2  
  153  17:35  Marine  
  153  17:36  Marine x3  
  169  17:46  Marauder  
  171  17:51  Widow Mine  
  171  17:52  Widow Mine  
  171  17:53  Marine  
  171  17:54  Marine x3, Viking  
  171  17:55  Viking  
  183  18:01  Starport  
  183  18:07  Marauder  
  183  18:11  Command Center  
  184  18:13  Widow Mine x2  
  184  18:14  Siege Tank x2  
  193  18:24  Viking  
  193  18:25  Viking  
  197  18:28  Marauder  
  198  18:36  Marine x2  
  189  18:50  Marauder  
Show
View Real Time Build Order
Export as new Build Order

ILIEKEGGPIE Protoss - Winner!

Build Orders:  

Get SALT Encoding   

  12  0:01  Probe  
  13  0:13  Probe  
  14  0:19  Pylon  
  14  0:25  Probe  
  15  0:37  Probe  
  15  0:39  Gateway  
  16  0:45  Probe  
  17  0:51  Assimilator  
  17  0:58  Probe  
  18  1:07  Gateway  
  18  1:11  Assimilator  
  18  1:18  Probe  
  19  1:34  Cybernetics Core  
  19  1:38  Pylon  
  19  1:40  Probe  
  20  1:48  Probe  
  21  1:56  Probe  
  22  2:01  Stalker  
  22  2:10  Stalker  
  22  2:11  Warp Gate  
  26  2:21  Pylon  
  26  2:46  Stalker  
  26  2:47  Stalker  
  30  2:53  Robotics Facility  
  30  2:58  Gateway  
  30  3:19  Stalker x2  
  34  3:24  Pylon  
  34  3:35  Probe  
  35  3:48  Nexus  
  33  3:52  Stalker  
  39  4:10  Immortal  
  39  4:20  Pylon  
  40  4:31  Probe  
  40  4:37  Forge  
  40  4:39  Probe  
  41  4:47  Probe  
  42  4:53  Sentry  
  42  4:54  Sentry  
  42  4:55  Stalker  
  42  4:57  Probe  
  49  5:01  Probe  
  50  5:09  Probe x2  
  52  5:17  Probe  
  52  5:20  Protoss Ground Weapons Level 1, Probe  
  52  5:22  Observer  
  52  5:28  Probe x2  
  57  5:40  Probe  
  57  5:42  Pylon  
  58  6:08  Photon Cannon  
  58  6:09  Gateway  
  58  6:10  Gateway  
  58  6:11  Shield Battery  
  58  6:13  Probe  
  59  6:20  Photon Cannon  
  59  6:21  Probe  
  59  6:23  Pylon  
  60  6:26  Probe  
  60  6:29  Assimilator  
  61  6:36  Gateway  
  61  6:38  Gateway  
  59  6:46  Stalker x2  
  61  6:56  Stalker  
  63  7:07  Pylon  
  63  7:12  Pylon  
  63  7:20  Photon Cannon  
  63  7:22  Protoss Ground Armor Level 1  
  63  7:27  Photon Cannon  
  63  7:28  Shield Battery  
  63  7:39  Probe x2  
  63  7:42  Assimilator  
  65  7:44  Assimilator  
  65  7:56  Robotics Bay  
  65  8:04  Stalker  
  65  8:05  Stalker  
  68  8:38  Adept x3  
  68  8:39  Sentry x3  
  78  9:01  Colossus  
  84  9:24  Pylon, Nexus  
  84  9:26  Stalker  
  84  9:28  Pylon  
  86  9:35  Twilight Council  
  86  9:40  Pylon  
  86  9:41  Pylon  
  86  9:42  Probe  
  87  10:04  Photon Cannon  
  87  10:08  Photon Cannon  
  87  10:09  Photon Cannon  
  87  10:16  Pylon  
  87  10:20  Resonating Glaives  
  87  10:30  Probe x2  
  87  10:32  Extended Thermal Lance  
  89  10:48  Protoss Ground Weapons Level 2  
  89  10:49  Dark Shrine  
  89  10:51  Forge  
  89  10:53  Probe x2  
  91  11:08  Stalker x3  
  97  11:26  Photon Cannon  
  97  11:27  Shield Battery  
  97  11:31  Protoss Ground Armor Level 2  
  97  11:34  Colossus  
  97  11:44  Photon Cannon  
  97  11:45  Photon Cannon  
  97  11:49  Pylon  
  97  12:02  Adept x5  
  82  12:46  Stalker x6  
  82  12:47  Stalker  
  96  13:00  Probe x2  
  96  13:03  Probe  
  99  13:10  Dark Templar x4  
  99  13:11  Dark Templar  
  99  13:12  Probe, Dark Templar  
  112  13:14  Archon x2  
  112  13:28  Assimilator  
  112  13:29  Assimilator  
  98  14:01  Warp Prism  
  86  14:04  Protoss Ground Weapons Level 3, Protoss Ground Armor Level 3  
  88  14:22  Pylon  
  88  14:25  Pylon  
  88  14:27  Archon  
  88  14:28  Blink  
  88  14:30  Dark Templar x2  
  92  14:34  Stalker x4  
  92  14:35  Stalker  
  102  14:47  Probe x3  
  105  14:59  Probe, Dark Templar x4  
  114  15:00  Dark Templar  
  114  15:05  Archon x2  
  116  15:14  Probe x3  
  118  15:18  Pylon  
  113  15:42  Stalker x2  
  113  15:43  Stalker x4  
  113  15:44  Stalker  
  109  16:38  Stalker x3  
  109  16:39  Stalker x2, Zealot  
  121  16:40  Zealot  
  123  16:48  Observer  
  122  17:07  Colossus  
  122  17:08  Robotics Facility  
  122  17:17  Photon Cannon x2  
  122  17:19  Photon Cannon  
  128  17:25  Gateway  
  128  17:27  Gateway  
  128  17:38  Stalker x2  
  128  17:39  Dark Templar x4  
  140  17:49  Nexus  
  140  17:50  Pylon  
  140  17:52  Pylon  
  138  18:01  Colossus  
  142  18:32  Stalker x3  
  142  18:33  Stalker x3, Zealot  
  154  18:48  Assimilator  
  154  18:52  Pylon  
  154  18:53  Pylon  
  154  18:54  Assimilator  
  154  18:57  Archon  
  154  19:08  Pylon  
Tags
 
Composition
MMM Bio
League
Platinum
Opening
Pool First
Replay Pack
Multi
Add a new tag
Caveats
  • Supply blocks, unpowered buildings, or Contaminate may cause inaccurate times.
  • Supply counts are checked every 10 seconds.